Map: Ephemeron LE

Players

llllllllllll (Trap) - Winner!

  • Race: Protoss Protoss
  • League: Master
  • Spawn Location: 5:00

Cure

  • Race: Terran Terran
  • League: Master
  • Spawn Location: 11:00

Event: HomeStory Cup XX

VOD

Have the link to the VOD?

Description

Time

  • Played on: Nov. 24, 2019, 6:34 a.m.
  • Length: 15:18

All games in this series

Show
View Real Time Build Order
Export as new Build Order

llllllllllll Protoss - Winner!

Build Orders: 1 Gate Expand, Phoenix Opening, Blink Stalkers, Zealot Archon 

Get SALT Encoding   

  12  0:00  Probe  
  13  0:12  Probe  
  14  0:17  Pylon  
  14  0:24  Probe  
  15  0:34  Assimilator, Probe  
  15  0:42  Probe, Gateway  
  17  0:51  Probe  
  18  1:03  Probe  
  19  1:15  Probe  
  20  1:21  Nexus  
  20  1:32  Cybernetics Core  
  20  1:34  Probe  
  21  1:41  Assimilator  
  21  1:46  Probe  
  22  1:51  Pylon  
  22  1:58  Probe  
  22  1:59  Adept  
  23  2:09  Warp Gate  
  23  2:11  Probe  
  26  2:20  Sentry  
  26  2:23  Probe  
  26  2:29  Probe  
  29  2:34  Twilight Council  
  29  2:35  Probe  
  31  2:37  Probe  
  32  2:45  Stalker  
  32  2:47  Probe x2  
  32  2:51  Blink  
  36  2:53  Phoenix  
  36  2:57  Pylon  
  36  2:59  Probe x2  
  38  3:11  Probe  
  38  3:12  Probe  
  39  3:17  Stalker  
  41  3:23  Probe  
  41  3:24  Probe  
  41  3:25  Gateway  
  43  3:31  Gateway  
  43  3:39  Probe  
  43  3:40  Probe  
  43  3:51  Probe, Robotics Facility  
  43  3:52  Pylon, Probe  
  45  4:04  Assimilator, Probe x2  
  47  4:11  Nexus  
  47  4:17  Pylon, Probe  
  47  4:18  Probe  
  49  4:28  Stalker x3  
  55  4:33  Observer  
  55  4:36  Pylon  
  55  4:37  Probe x2  
  57  4:48  Probe  
  57  4:49  Probe  
  57  4:50  Observer  
  57  4:51  Forge  
  59  4:56  Probe  
  60  5:01  Probe  
  60  5:04  Probe  
  62  5:10  Warp Prism  
  62  5:11  Templar Archives  
  62  5:12  Assimilator  
  62  5:13  Probe  
  64  5:14  Pylon  
  64  5:16  Probe  
  65  5:21  Stalker x2, Probe  
  65  5:23  Protoss Ground Armor Level 1, Probe  
  71  5:29  Probe  
  71  5:30  Probe  
  71  5:31  Probe  
  74  5:35  Psionic Storm  
  74  5:39  Probe  
  74  5:41  Probe  
  74  5:42  Probe  
  76  5:44  Assimilator x2  
  76  5:46  Pylon  
  77  5:51  Probe  
  77  5:53  Probe  
  77  5:54  Probe  
  80  6:01  High Templar, Gateway  
  80  6:03  Gateway  
  82  6:10  Charge  
  82  6:11  Gateway  
  82  6:13  Probe x3  
  82  6:14  Gateway  
  85  6:21  High Templar  
  85  6:24  Immortal  
  87  6:27  Zealot  
  89  6:34  Gateway  
  89  6:37  Pylon, Shield Battery  
  89  6:38  Pylon, High Templar  
  95  6:40  Pylon  
  95  6:46  Observer  
  95  6:48  Shield Battery  
  95  6:52  Zealot  
  95  6:53  Immortal  
  95  6:54  Zealot  
  99  7:05  Zealot x3  
  109  7:13  High Templar  
  111  7:17  Pylon x2  
  111  7:18  Zealot x3  
  111  7:19  Probe x3  
  120  7:26  Sentry x2, Zealot  
  122  7:31  Immortal  
  122  7:32  Protoss Ground Armor Level 2  
  122  7:34  Archon  
  110  7:37  Zealot  
  104  7:46  Zealot x4  
  104  7:49  Observer  
  112  7:51  Observer  
  112  7:57  Forge  
  112  7:58  High Templar x3  
  116  7:59  High Templar, Photon Cannon  
  116  8:02  Robotics Facility  
  116  8:05  Nexus  
  120  8:12  Robotics Bay  
  120  8:17  Zealot x4  
  126  8:31  Zealot x4  
  125  8:45  Colossus x2  
  115  8:50  Zealot x4  
  115  8:51  Zealot x2  
  115  8:52  Protoss Ground Weapons Level 1  
  115  8:55  Pylon  
  127  8:56  Pylon  
  127  8:57  Nexus  
  139  9:05  Extended Thermal Lance  
  139  9:07  Zealot  
  141  9:11  Pylon  
  141  9:14  High Templar  
  141  9:15  High Templar  
  145  9:19  Zealot x3  
  150  9:25  Colossus x2  
  144  9:45  Probe x3  
  155  9:50  Photon Cannon  
  155  9:55  Pylon  
  155  9:58  Protoss Ground Armor Level 3  
  155  10:01  High Templar  
  155  10:02  High Templar, Zealot x6  
  171  10:08  Colossus  
  171  10:09  Warp Prism  
  176  10:31  Assimilator  
  176  10:32  Assimilator, Zealot  
  178  10:35  Pylon  
  168  10:44  Robotics Facility  
  166  10:57  Archon  
  166  11:01  Zealot x3  
  166  11:02  Zealot x5  
  136  11:23  Stalker x3  
  136  11:24  Stalker x3  
  132  11:30  Zealot x2, Colossus  
  134  11:34  Protoss Ground Weapons Level 2  
  130  11:53  Zealot x2  
  130  11:54  Zealot x6  
  132  12:04  Archon  
  122  12:11  Colossus  
  118  12:17  Disruptor, Zealot x8, Colossus  
  99  12:41  Colossus  
  97  12:46  High Templar x4  
  97  12:47  Sentry, Zealot x3  
  97  12:51  Colossus  
  113  12:54  Nexus  
  113  12:55  Gravitic Drive  
  119  13:01  Protoss Shields Level 1  
  119  13:05  Pylon  
  125  13:16  Stalker x3  
  125  13:19  High Templar x2, Zealot x3  
  141  13:23  Archon  
  141  13:29  Observer  
  142  13:42  Stalker x4  
  142  13:43  Stalker x2  
  142  13:46  Warp Prism  
  154  13:58  Gateway  
  154  14:00  Gateway  
  154  14:02  Gateway  
  154  14:05  Zealot x2  
  154  14:06  Zealot x3  
  162  14:12  Archon  
  124  14:24  Stalker x3  
  124  14:26  Stalker x3  
  106  14:44  Stalker x2  
  110  14:49  High Templar x3  
  110  14:50  High Templar x3  
  122  14:54  Archon x3  
  122  14:56  Photon Cannon  
  122  14:57  Zealot x3  
Show
View Real Time Build Order
Export as new Build Order

Cure Terran 

Build Orders: Gas First Reaper Expand 

Get SALT Encoding   

  12  0:00  SCV  
  13  0:12  SCV  
  14  0:17  Supply Depot  
  14  0:24  SCV  
  14  0:27  Refinery  
  15  0:38  SCV  
  16  0:44  Barracks  
  16  0:50  SCV  
  17  1:02  SCV  
  18  1:15  SCV  
  19  1:30  Orbital Command  
  19  1:31  Reaper  
  20  1:43  Command Center  
  20  1:56  SCV  
  20  1:58  Factory  
  21  2:05  Barracks Reactor  
  21  2:08  SCV  
  22  2:12  Supply Depot  
  22  2:20  SCV  
  23  2:34  SCV  
  24  2:42  Marine x2  
  24  2:43  Hellion  
  28  2:46  SCV  
  29  2:55  Orbital Command  
  29  2:58  SCV  
  30  3:00  Marine x2  
  30  3:04  Factory Tech Lab  
  32  3:10  SCV  
  33  3:17  Command Center  
  33  3:20  SCV  
  33  3:23  SCV  
  38  3:32  Supply Depot, Siege Tank  
  38  3:33  SCV  
  38  3:34  Marine x2  
  39  3:38  SCV  
  42  3:45  SCV  
  41  3:50  SCV  
  41  3:51  Barracks  
  41  3:52  Marine x2  
  44  3:56  Barracks  
  44  3:57  SCV  
  44  4:02  SCV  
  46  4:09  Marine, SCV  
  47  4:10  Marine  
  47  4:11  Factory Tech Lab  
  47  4:12  Refinery  
  47  4:13  Supply Depot  
  47  4:14  SCV  
  50  4:17  Refinery  
  50  4:20  Engineering Bay  
  50  4:21  SCV  
  51  4:27  Marine x2, SCV  
  54  4:32  Orbital Command  
  54  4:33  SCV  
  55  4:42  SCV  
  55  4:45  SCV  
  57  4:49  Marine x2  
  57  4:51  Marauder x2  
  62  4:55  Stimpack  
  62  4:56  Concussive Shells  
  62  4:57  SCV  
  62  4:58  SCV  
  64  5:02  Supply Depot, SCV  
  64  5:04  Terran Infantry Weapons Level 1  
  65  5:12  SCV x2  
  65  5:13  Refinery  
  67  5:14  SCV  
  67  5:16  Marauder x2  
  67  5:20  Supply Depot  
  72  5:21  Factory Reactor  
  72  5:23  Marine  
  72  5:24  Starport  
  72  5:26  Marine  
  72  5:27  Orbital Command  
  72  5:28  SCV x2  
  76  5:35  Supply Depot  
  76  5:40  Marauder x2, SCV x2  
  76  5:41  Marine, Combat Shield  
  82  5:44  Marine  
  83  5:52  SCV x2  
  83  5:56  Barracks, SCV  
  84  5:57  Barracks  
  84  6:04  Marine x2, Marauder x2, Factory Reactor, SCV x2  
  86  6:05  Medivac  
  86  6:06  Medivac  
  86  6:08  Supply Depot  
  96  6:12  SCV  
  96  6:16  SCV x2  
  99  6:20  Supply Depot  
  99  6:22  Supply Depot  
  97  6:26  Marauder x2, Marine  
  97  6:29  Marine  
  97  6:30  SCV x3  
  105  6:36  Medivac x2  
  109  6:40  Supply Depot  
  109  6:41  Supply Depot  
  109  6:42  SCV x3  
  109  6:44  Marine, Barracks Tech Lab, Barracks Reactor  
  113  6:47  Refinery  
  113  6:48  Refinery  
  113  6:53  Marine, Marauder x2  
  113  6:54  SCV x2  
  119  6:55  Widow Mine  
  119  6:57  Widow Mine  
  123  7:01  SCV  
  123  7:02  Marine  
  123  7:06  SCV x2  
  127  7:08  Supply Depot  
  127  7:09  Supply Depot  
  127  7:10  Marauder  
  127  7:11  Marine  
  127  7:14  Marine, Marauder  
  132  7:20  Marine  
  133  7:25  SCV x3  
  133  7:28  Marine  
  136  7:31  Marine  
  136  7:32  Marine  
  124  7:37  SCV x3  
  124  7:38  Marauder  
  124  7:43  Widow Mine x2, Medivac x2  
  123  7:45  Terran Infantry Armor Level 1  
  123  7:49  Marauder  
  123  7:51  Marine x2, Marauder  
  127  7:57  Armory  
  126  7:59  Engineering Bay  
  126  8:04  Marine x2, Ghost Academy, Marauder  
  130  8:07  Widow Mine  
  130  8:08  Widow Mine  
  130  8:09  Marine  
  135  8:15  Supply Depot  
  135  8:16  Supply Depot  
  133  8:26  Marauder x3, Marine x4  
  142  8:30  Medivac  
  142  8:31  Medivac  
  142  8:32  Widow Mine  
  148  8:34  SCV  
  148  8:36  SCV x2  
  148  8:37  Widow Mine  
  138  8:46  Terran Infantry Weapons Level 2  
  138  8:47  SCV  
  138  8:48  SCV x2  
  136  8:49  Marine x4, Marauder x2  
  136  8:50  Marauder  
  136  8:52  Supply Depot  
  136  8:53  Supply Depot  
  146  9:03  Enhanced Shockwaves  
  146  9:06  SCV  
  146  9:07  SCV x2  
  149  9:10  Ghost x3  
  149  9:13  Command Center  
  149  9:15  Marine x4  
  159  9:23  Viking x2  
  163  9:26  Supply Depot  
  163  9:27  Supply Depot  
  163  9:29  SCV x3  
  166  9:37  Marine x4  
  165  9:44  Ghost x3  
  171  9:49  Starport  
  171  9:51  Terran Infantry Armor Level 2  
  171  9:56  Marine x2  
  171  9:57  Marine  
  171  9:59  Viking x2  
  177  10:12  Ghost  
  177  10:13  Ghost  
  177  10:14  Marine  
  179  10:24  Barracks  
  179  10:27  Barracks x2  
  179  10:28  Viking  
  179  10:29  Viking x2  
  179  10:30  Viking  
  179  10:32  SCV x3  
  190  10:39  Marine x2, Marauder  
  190  10:42  Marauder  
  196  10:43  Refinery  
  190  10:51  Sensor Tower  
  190  10:52  Refinery  
  187  10:58  Viking  
  187  10:59  Viking x2  
  187  11:02  Marine x2  
  187  11:03  Marine x3, Marauder x2  
  123  11:20  Marine x4  
  123  11:21  Marauder  
  123  11:24  Marauder  
  123  11:25  Marauder  
  131  11:31  Barracks Tech Lab  
  131  11:32  Barracks Tech Lab, Barracks Reactor  
  128  11:38  Marine x4, Planetary Fortress  
  128  11:41  SCV x3  
  128  11:43  Marauder  
  128  11:45  Ghost  
  128  11:46  Marauder  
  128  11:50  Orbital Command, Ghost  
  128  11:53  SCV  
  124  11:56  Marine x4  
  110  12:03  Ghost  
  110  12:04  Ghost  
  110  12:07  Marauder  
  103  12:13  Marine  
  103  12:14  Marine x4  
  103  12:15  Marauder  
  92  12:19  Marauder  
  88  12:27  Marine  
  88  12:28  Marine  
  81  12:32  Marauder  
  81  12:33  Marine x3  
  81  12:34  Marauder  
  81  12:35  SCV  
  81  12:36  Marauder  
  80  12:37  SCV  
  80  12:38  SCV  
  83  12:44  SCV  
  83  12:47  SCV  
  83  12:49  SCV  
  83  12:50  SCV  
  86  12:55  Viking  
  86  12:56  SCV  
  93  13:03  Medivac  
  95  13:08  Ghost x2  
  95  13:09  Marine x4  
  95  13:10  Marauder  
  95  13:11  SCV x4  
  107  13:12  Marauder  
  107  13:15  Marine, Marauder  
  110  13:20  Medivac  
  110  13:23  SCV x4  
  116  13:30  Marine  
  116  13:32  Marauder  
  118  13:35  Viking, SCV x2  
  122  13:42  Viking  
  122  13:43  Viking  
  122  13:47  SCV x3  
  130  13:48  SCV  
  130  13:55  Viking  
  130  13:57  Marauder  
  130  13:58  Marauder  
  130  13:59  Marine  
  134  14:10  Marine x4  
  134  14:11  Marauder x2  
  134  14:13  Marine, Marauder  
  127  14:20  Marine x2  
  127  14:21  Marauder  
  110  14:27  Viking  
  110  14:28  Marine x4  
  103  14:33  Marine x2, Ghost  
  97  14:38  Marine x2  
  97  14:39  Marauder  
  97  14:43  Marauder  
  87  14:46  Marine x2  
  87  14:47  Medivac  
Tags
 
Add a new tag
Caveats
  • Supply blocks, unpowered buildings, or Contaminate may cause inaccurate times.
  • Supply counts are checked every 10 seconds.